 Dungeon Crawl Stone Soup version 0.30-a0-475-g03497ec522 (webtiles) character file.

Game seed: 11245455041794412876

386 cforsyth the Caller (level 6, 0/41 HPs)
             Began as a Merfolk Summoner on Dec 20, 2022.
             Was an Initiate of Gozag.
             Succumbed to a scorpion's poison
             ... on level 4 of the Dungeon.
             The game lasted 00:12:01 (4377 turns).

cforsyth the Caller (Merfolk Summoner)              Turns: 4377, Time: 00:12:02

Health: 0/41       AC:  5    Str:  8    XL:     6   Next: 78%
Magic:  2/12       EV: 13    Int: 16    God:    Gozag
Gold:   264        SH:  0    Dex: 15    Spells: 4/13 levels left

rFire   . . .      SeeInvis .    (no weapon)
rCold   . . .      Faith    .    (no shield)
rNeg    . . .      Spirit   .    a - +0 robe
rPois   .          Reflect  .    (no helmet)
rElec   .          Harm     .    (no cloak)
rCorr   .          Rampage  .    s - +0 pair of gloves
Will    .....                    n - +1 pair of boots
Stlth   ++........               (no amulet)
HPRegen 0.26/turn                (no ring)
MPRegen 0.13/turn                (no ring)

@: lethally poisoned (0 -> -9), gold aura, on berserk cooldown, hasted and
slowed
A: (nimble swimmer 2), mertail
a: Renounce Religion, Potion Petition, Call Merchant, Bribe Branch


You were on level 4 of the Dungeon.
You worshipped Gozag.
Gozag was aware of your devotion.
You visited 2 branches of the dungeon, and saw 6 of its levels.

You collected 353 gold pieces.
You paid 89 gold pieces to Gozag.

Inventory:

Missiles
 l - a throwing net
Armour
 a - a +0 robe (worn)
 n - a +1 pair of boots (worn)
 s - a +0 pair of gloves (worn)
Jewellery
 v - a ring of see invisible
Scrolls
 d - a scroll of vulnerability {unknown}
 h - a scroll of blinking {unknown}
 i - a scroll of teleportation
 m - a scroll of fear {unknown}
 o - 2 scrolls of immolation {unknown}
 p - 5 scrolls of poison {unknown}
 u - a scroll of identify
Potions
 b - a potion of magic
 e - 3 potions of lignification
 f - a potion of heal wounds {unknown}
 g - 2 potions of brilliance {unknown}
 j - 3 potions of attraction
 k - 3 potions of curing {unknown}
 q - a potion of haste
 r - a potion of ambrosia {unknown}
 t - a potion of mutation {unknown}


   Skills:
 - Level 3.0 Dodging
 - Level 2.5 Stealth
 + Level 4.2 Spellcasting
 + Level 2.4 Hexes
 + Level 5.7 Summonings


You had 4 spell levels left.
You knew the following spells:

 Your Spells              Type           Power      Damage    Failure   Level
a - Summon Small Mammal   Summ           84%        N/A       1%          1
b - Call Imp              Summ           21%        N/A       2%          2
c - Call Canine Familiar  Summ           21%        N/A       4%          3
d - Summon Guardian Gole  Hex/Summ       16%        N/A       9%          3

Your spell library contained the following spells:

 Spells                   Type           Power      Damage    Failure   Level
 Dazzling Flash           Conj/Hex       14%        N/A       30%         3
 Portal Projectile        Hex/Tloc       14%        N/A       30%         3
 Summon Lightning Spire   Summ/Air       12%        N/A       45%         4
 Leda's Liquefaction      Hex/Erth       3%         N/A       69%         4
 Silence                  Hex/Air        3%         N/A       95%         5
 Agony                    Necr           3%         N/A       99%         5


Dungeon Overview and Level Annotations

Branches:
Dungeon (5/15)             Temple (1/1) D:4

Altars:
Fedhas
Gozag
Nemelex Xobeh
Uskayaw
Vehumet
Zin


Innate Abilities, Weirdness & Mutations

((You are very nimble when in or above water. (Stealth+, EV+, Speed+++)))
Your lower body shifts to a powerful aquatic tail in water.


Message History

The scorpion is almost dead.
You feel sick. The scorpion stings you.
* * * LOW HITPOINT WARNING * * *
You are lethally poisoned!
The scorpion poisons you!
Your quokka bites the scorpion but does no damage.
Your crimson imp blinks!
Unknown command.
Unknown command.
Unknown command.
A red film seems to cover your vision as you go berserk!
You feel yourself moving faster!
You feel mighty!
* * * LOW HITPOINT WARNING * * *
You feel very sick. The scorpion barely misses you.
Your quokka barely misses the scorpion.
You punch the scorpion!
You kill the scorpion!
* * * LOW HITPOINT WARNING * * *
You feel very sick.
There is a lethal amount of poison in your body!
There is a lethal amount of poison in your body!
There is a lethal amount of poison in your body!
There is a lethal amount of poison in your body!
* * * LOW HITPOINT WARNING * * *
You feel sick.
There is a lethal amount of poison in your body!
You feel a strong urge to attack something.
* * * LOW HITPOINT WARNING * * *
You feel sick.
* * * LOW HITPOINT WARNING * * *
You feel sick.
You are too berserk!
You feel your anger nearly subside.
You are no longer berserk.
You are exhausted.
You feel yourself slow down.
* * * LOW HITPOINT WARNING * * *
You feel sick.
It was a potion of haste.
You feel yourself speed up.
You die...
Your body crumbles into a pile of gold.

### #...# #.##............# #. #
#...# #.##.##..####.#.# #. #
#...# #.##.##.(# ##.#.###. #
#...# #..>....5###.#...... #
#...# ####.##..##.###.###. #
#...######.##..#.## ##>##. #
###........$........###.....
######..........r.##.####.#..####
........#####...@.##.# ##.#.# #
#######.# ########.# #.#.# # #.#
#.# #.#.# #)######## #.# #.#.#
#........# #.# ##.#.#
########.#####.####..#.#
#########...##...............####
..........#.######..#######......
#########...# ##.# ### #.#.###


You could see a friendly quokka (summoned).

Vanquished Creatures
  A scorpion (D:4)
  A ball python (D:2)
2 creatures vanquished.

Vanquished Creatures (collateral kills)
  A hound (D:4)
  A jelly (D:4)
  An orc priest (D:3)
  An iguana (D:4)
  Natasha (thrice) (D:2)
  Robin (D:2)
  A gnoll (D:1)
  An adder (D:3)
  A worm (D:2)
  2 dart slugs (D:1)
  7 orcs
  9 ball pythons
  5 endoplasms
  11 giant cockroaches (D:2)
  15 goblins
  3 hobgoblins
  4 kobolds (D:1)
  A quokka (D:2)
  16 bats
  3 frilled lizards
  7 rats
94 creatures vanquished.

Vanquished Creatures (others)
  2 plants (D:3)
2 creatures vanquished.

Grand Total: 98 creatures vanquished

Notes
Turn   | Place    | Note
-------+----------+-------------------------------------------
     0 | D:1      | cforsyth the Merfolk Summoner began the quest for the Orb.
     0 | D:1      | Reached XP level 1. HP: 13/13 MP: 3/3
   272 | D:1      | Reached XP level 2. HP: 19/19 MP: 0/5
   430 | D:1      | Learned a level 2 spell: Call Imp
   560 | D:1      | Reached XP level 3. HP: 19/24 MP: 2/6
  1022 | D:2      | Noticed Natasha
  1033 | D:1      | Learned a level 3 spell: Call Canine Familiar
  1077 | D:2      | Killed Natasha
  1078 | D:2      | Reached XP level 4. HP: 24/30 MP: 0/8
  1111 | D:2      | Noticed Natasha
  1120 | D:2      | Killed Natasha
  1184 | D:2      | Noticed Natasha
  1188 | D:2      | Killed Natasha
  1189 | D:2      | Reached skill level 5 in Summonings
  1397 | D:2      | Found a faded altar of an unknown god.
  1534 | D:2      | Reached XP level 5. HP: 31/35 MP: 4/10
  1545 | D:2      | Learned a level 3 spell: Summon Guardian Golem
  1993 | D:2      | Noticed Robin
  2014 | D:2      | Killed Robin
  2656 | D:3      | Reached skill level 1 in Hexes
  2847 | D:3      | Reached XP level 6. HP: 41/41 MP: 7/11
  3384 | D:4      | Found a staircase to the Ecumenical Temple.
  3398 | Temple   | Entered the Ecumenical Temple
  3452 | Temple   | Became a worshipper of Gozag Ym Sagoz the Greedy
  3691 | D:4      | Found a blossoming altar of Fedhas.
  3955 | D:4      | Found a sparkling altar of Nemelex Xobeh.
  4342 | D:5      | Entered Level 5 of the Dungeon
  4376 | D:4      | HP: 2/41 [poisoned by a scorpion]
  4377 | D:4      | Succumbed to a scorpion's poison

Illustrated notes

Levels and vault maps discovered:
D:1:      nzn_arrival_water_spiral, layout_rooms, minmay_pentomino_s2
D:2:      minmay_roachtagon, layout_loops_ring, shapermc_ecumenical_altar_petra,
          minmay_misc_feat_doors, st_stairs_1, minmay_circle_x, uniq_natasha,
          uniq_robin
D:3:      layout_basic, moated_statue, serial_bayou_ford_a,
          minmay_misc_feat_five, roderic_batcave, palyth_stone_intersect,
          kennysheep_generic_room_15
D:4:      layout_loops_ring, amcnicky_altar_gilded, lemuel_doored_altar,
          minmay_temple_entry_tees, hangedman_decor_riveting
D:5:      layout_loops_ring, grunt_ministairs_7
Temple:   mainiacjoe_temple_cubbyholes

Skill      XL: |  1  2  3  4  5  6 |
---------------+-------------------+-----
Dodging        | 3 |  3.0
Spellcasting   | 3 4 |  4.2
Summonings     | 5 |  5.7
Hexes          | 1 2 |  2.4
Stealth        | |  2.5

Action                   |  1- 3 |  4- 6 || total
-------------------------+-------+-------++-------
Melee: Unarmed           |     4 |    10 ||    14
 Cast: Summon Small Mamm |    40 |    25 ||    65
       Call Imp          |     2 |     7 ||     9
       Call Canine Famil |     2 |    23 ||    25
  Use: Scroll            |       |     4 ||     4
       Potion            |       |     2 ||     2
Armor: Robe              |     9 |    24 ||    33
Dodge: Dodged            |    33 |    61 ||    94

Table legend: (Time is in decaauts)
 A = Elapsed time spent in this place.
 B = Non-inter-level travel time spent in this place.
 C = Inter-level travel time spent in this place.
 D = Time resting spent in this place.
 E = Time spent auto-exploring this place.
 F = Levels seen in this place.
 G = Mean time per level.
                   A        B        C        D        E       F      G
               +--------+--------+--------+--------+--------+-----+--------+
         Total |   4363 |   4169 |    194 |    120 |   2972 |   6 |  727.2 |
       Dungeon |   4284 |   4114 |    170 |    120 |   2925 |   5 |  856.8 |
        Temple |     78 |     54 |     24 |      0 |     47 |   1 |   78.0 |
               +--------+--------+--------+--------+--------+-----+--------+

Top non-repeatable levels by time:
     D:2: 1347 daAuts
     D:1: 1009 daAuts
     D:3: 970 daAuts
     D:4: 956 daAuts
  Temple: 78 daAuts
     D:5: 1 daAuts
